 Dungeon Crawl Stone Soup version 0.23.2-40-g277498a001 (webtiles) character file.

Game seed: 3371844293095119359

795 RaHiT the Skirmisher (level 7, -7/50 HPs)
             Began as a Demonspawn Chaos Knight on Oct 21, 2019.
             Was a Plaything of Xom.
             Mangled by a scorpion (9 damage)
             ... on level 6 of the Dungeon.
             The game lasted 00:26:42 (5592 turns).

RaHiT the Skirmisher (Demonspawn Chaos Knight)      Turns: 5592, Time: 00:26:43

Health: -7/50      AC:  6    Str: 14    XL:     7   Next: 58%
Magic:  7/7        EV: 14    Int: 22    God:    Xom [....*.]
Gold:   308        SH:  0    Dex: 12    Spells: 6/6 levels left

rFire    . . .     SeeInvis +   a - +0 falchion (chaos)
rCold    . . .     Gourm    .   (no shield)
rNeg     . . .     Faith    .   b - +2 leather armour
rPois    .         Spirit   .   (no helmet)
rElec    .         Reflect  .   D - +0 cloak
rCorr    .         Harm     .   (no gloves)
MR       .....                  (no boots)
Stlth    +.........             w - amulet of magic regeneration
HPRegen  0.16/turn              l - +6 ring of intelligence
MPRegen  0.35/turn              n - ring of see invisible

@: very slightly contaminated, invisible
A: claws 2, repulsion field 1, clever 1, frail 1
a: Renounce Religion


You were on level 6 of the Dungeon.
You worshipped Xom.
You were a beloved toy of Xom.
You were not hungry.

You visited 2 branches of the dungeon, and saw 7 of its levels.
You also visited: Sewer.

You collected 308 gold pieces.

Inventory:

Hand Weapons
 a - a +0 falchion of chaos (weapon)
 j - a cursed +0 hunting sling
 H - a +0 shortbow
 I - the +2 hand axe of the Empty Page {chop, rF+ Str+6}
   (You found it on level 6 of the Dungeon)

   It inflicts extra damage upon your enemies.
   It affects your strength (+6).
   It protects you from fire.
Missiles
 d - 61 bolts
 g - 200 stones (quivered)
 k - 42 sling bullets
 r - 52 arrows
 t - 3 needles of sleeping
 u - 16 poisoned needles
Armour
 b - a +2 leather armour (worn)
 D - a +0 cloak (worn)
Jewellery
 l - a +6 ring of intelligence (left claw)
 n - a ring of see invisible (right claw)
 p - an uncursed ring of protection from fire
 w - an amulet of magic regeneration (around neck)
Scrolls
 h - a scroll of teleportation
 i - 5 scrolls of remove curse
 m - a scroll of fear
 q - 3 scrolls of amnesia
 v - 3 scrolls of immolation
 x - a scroll of noise
 y - a scroll of magic mapping
 E - 2 scrolls of random uselessness {unknown}
Potions
 e - a potion of cancellation
 f - a potion of agility {unknown}
 o - 2 potions of brilliance {unknown}
 s - 2 potions of haste {unknown}
 z - 5 potions of heal wounds {unknown}
 A - a potion of flight
 B - a potion of curing
 F - a potion of magic {unknown}
 G - a potion of might
Comestibles
 c - 9 rations
 J - a chunk of flesh


   Skills:
 + Level 5.1 Fighting
 + Level 4.6 Long Blades
 + Level 3.5 Throwing
 + Level 4.0 Armour
 - Level 2.0 Dodging


You had 6 spell levels left.
You didn't know any spells.
Your spell library was empty.

Dungeon Overview and Level Annotations

Branches:
Dungeon (6/15)             Temple (1/1) D:6

Altars:
Ashenzari
Cheibriados
Elyvilon
Fedhas
Hepliaklqana
Makhleb
Nemelex Xobeh
Qazlal
Ru
Sif Muna
Trog
Uskayaw
Vehumet
Xom
Yredelemnul
Zin
The Shining One

Shops:
D:6 %


Innate Abilities, Weirdness & Mutations

You have very sharp fingernails.
You are surrounded by a mild repulsion field. (EV +2)
Your mind is acute. (Int +2)
You are frail. (-10% HP)


Message History

You feel sick.
You feel sick.
Xom adds some personal touches to your environment.
The scorpion stings you.
* * * LOW HITPOINT WARNING * * *
* * * LOW HITPOINT WARNING * * *
You feel sick.
* * * LOW HITPOINT WARNING * * *
You feel sick.
You feel better. The scorpion misses you.
You riposte.
You barely miss the scorpion.
The scorpion is severely wounded.
The scorpion stings you!
* * * LOW HITPOINT WARNING * * *
You fade into invisibility!
The scorpion closely misses you.
You riposte.
You barely miss the scorpion.
The scorpion is severely wounded.
You are very lightly contaminated with residual magic.
The scorpion stings you!
You die...

#.# #.# #............#.### #.#
#.###.#.........##.... #.#
#.......##...##.###### #.#
#####.#########.# #.# #.# ##'##
#.## ##.##### ##...## ###..#
#......###.....## ##.##.#
##..###.##.......##
#.^.#.########_∩@.##.#.........##
...#............s....'.........'.
#.###.#########...##.#)........##
.###...## #.._...##.......## ##
#....# #.########.....##
.###...## #.# ##...## #.###.##
#.# ##+## ##.#.## #.# ##.## #_#
##


You could see a scorpion (berserk).

Vanquished Creatures
  A sky beast (D:5)
  A centaur (D:6)
  A big kobold (Sewer)
  2 bullfrogs (D:6)
  A howler monkey (D:3)
  A hound (D:5)
  4 jellies
  A worker ant (D:3)
  5 adders
  2 river rats (Sewer)
  10 oozes (D:2)
  3 worms
  2 dart slugs
  6 leopard geckos
  4 orcs
  8 giant cockroaches
  6 goblins
  6 hobgoblins
  7 jackals
  2 quokkas
  7 bats
  2 frilled lizards
  12 kobolds
  5 rats
99 creatures vanquished.

Vanquished Creatures (others)
  2 fungi (D:2)
  7 toadstools (D:2)
9 creatures vanquished.

Grand Total: 108 creatures vanquished

Notes
Turn   | Place    | Note
-------+----------+-------------------------------------------
     0 | D:1      | RaHiT the Demonspawn Chaos Knight began the quest for the
                  | Orb.
     0 | D:1      | Reached XP level 1. HP: 18/18 MP: 1/1
   137 | D:1      | Reached skill level 1 in Dodging
   291 | D:1      | Gained mutation: You have sharp fingernails. [demonic
                  | ancestry]
   291 | D:1      | Reached XP level 2. HP: 20/24 MP: 2/2
   761 | D:2      | XOM: mild Pois miscast
   878 | D:3      | Noticed a howler monkey
   887 | D:3      | Killed a howler monkey
   887 | D:3      | Reached skill level 1 in Throwing
   887 | D:3      | Reached XP level 3. HP: 27/29 MP: 3/3
   960 | D:3      | Gained mutation: You have very sharp fingernails. [demonic
                  | ancestry]
   960 | D:3      | Reached XP level 4. HP: 27/35 MP: 4/4
  1321 | D:2      | XOM: cast spell 'Olgreb's Toxic Radiance'
  1454 | D:2      | XOM: cloud trail
  1481 | D:2      | XOM: cast spell 'Summon Small Mammal'
  1511 | D:2      | XOM: potion effect (agility)
  1513 | D:2      | Gained mutation: You are surrounded by a mild repulsion
                  | field. (EV +2) [demonic ancestry]
  1513 | D:2      | Reached XP level 5. HP: 21/42 MP: 5/5
  1694 | D:1      | XOM: mild Necr miscast
  1730 | D:1      | XOM: mild Chrm miscast
  1939 | D:2      | XOM: enchant monster (bad)
  2010 | D:2      | XOM: harmless Tloc miscast
  2052 | D:2      | Reached skill level 4 in Fighting
  2178 | D:2      | XOM: harmless Air miscast
  2247 | D:2      | XOM: medium Chrm miscast
  2340 | D:2      | XOM: mild Hex miscast
  2628 | D:4      | Reached XP level 6. HP: 48/48 MP: 6/6
  2806 | D:4      | Found a stormy altar of Qazlal.
  2812 | D:4      | Found a shattered altar of Ashenzari.
  2814 | D:4      | Found a white marble altar of Elyvilon.
  2955 | D:4      | Found a glowing drain.
  2988 | Sewer    | Entered a sewer
  3189 | Sewer    | XOM: harmless Necr miscast
  3222 | Sewer    | XOM: blink monster(s)
  3279 | Sewer    | XOM: 1-stop teleportation journey
  3298 | Sewer    | Found a white marble altar of Elyvilon.
  3492 | D:4      | Found a bloodstained altar of Trog.
  3716 | D:4      | XOM: harmless Fire miscast
  3779 | D:5      | Entered Level 5 of the Dungeon
  3866 | D:5      | Found a glowing golden altar of the Shining One.
  3904 | D:5      | XOM: noise
  3982 | D:5      | Gained mutation: You are frail. (-10% HP) [potion of
                  | mutation]
  3982 | D:5      | Gained mutation: Your mind is acute. (Int +2) [potion of
                  | mutation]
  4305 | D:5      | Noticed a sky beast
  4315 | D:5      | Killed a sky beast
  4325 | D:5      | Found a basalt altar of Yredelemnul.
  4325 | D:5      | Found a deep blue altar of Sif Muna.
  4377 | D:5      | Reached XP level 7. HP: 29/49 MP: 7/7
  4864 | D:6      | Found Vanlonla's Food Shop.
  4947 | D:6      | XOM: 1-stop teleportation journey
  4996 | D:6      | Got a pitted hand axe
  4997 | D:6      | Identified the cursed +2 hand axe of the Empty Page {chop,
                  | rF+ Str+6} (You found it on level 6 of the Dungeon)
  5013 | D:6      | XOM: noise
  5105 | D:6      | Found a staircase to the Ecumenical Temple.
  5118 | D:6      | Reached skill level 5 in Fighting
  5129 | Temple   | Entered the Ecumenical Temple
  5265 | Temple   | XOM: noise
  5585 | D:6      | XOM: enchant monster (bad)
  5587 | D:6      | XOM: scenery: create altars
  5590 | D:6      | HP: 2/50 [scorpion (14)]
  5592 | D:6      | Mangled by a scorpion

Skill      XL: |  1  2  3  4  5  6  7 |
---------------+----------------------+-----
Dodging        | 1 2 |  2.0
Armour         | 2 3 4 |  4.0
Long Blades    | 3 4 |  4.6
Throwing       | 1 2 3 |  3.5
Fighting       | 4 5 |  5.1

Action                   |  1- 3 |  4- 6 |  7- 9 || total
-------------------------+-------+-------+-------++-------
Melee: Falchion          |    60 |   219 |    47 ||   326
       Hand axe          |       |       |     8 ||     8
Throw: Stone             |     7 |    20 |     6 ||    33
       Tomahawk          |       |     9 |       ||     9
  Use: Potion            |       |     8 |     2 ||    10
       Scroll            |       |     9 |     1 ||    10
 Stab: Confused          |     1 |     1 |       ||     2
  Eat: Chunk             |       |     7 |     3 ||    10
       Ration            |       |     1 |     1 ||     2
Armor: Leather armour    |    27 |    72 |    14 ||   113
Dodge: Dodged            |    43 |   173 |    51 ||   267
       Rpst.: Falchion   |    16 |    53 |    14 ||    83
